 Dungeon Crawl Stone Soup version 0.28-a0-828-g0121872642 (webtiles) character file.

Game seed: 15193259371665289558

14842 emperorscorpion the Cleaver (level 11, -2/154 HPs)
             Began as a Deep Dwarf Berserker on Nov 11, 2021.
             Was a High Priest of Trog.
             Slain by an orc warlord (7 damage)
             ... on level 2 of the Orcish Mines.
             The game lasted 00:26:03 (7264 turns).

emperorscorpion the Cleaver (Deep Dwarf Berserker)  Turns: 7264, Time: 00:26:03

Health: -2/154     AC: 16    Str: 30    XL:     11   Next: 94%
Magic:  10/10      EV:  8    Int:  8    God:    Trog [*****.]
Gold:   771        SH:  9    Dex: 12    Spells: 10/10 levels left

rFire   . . .      SeeInvis +   a - +1 broad axe (flame)
rCold   . . .      Faith    +   C - +0 kite shield
rNeg    . . .      Spirit   .   w - +0 plate armour {Will+}
rPois   .          Reflect  .   (no helmet)
rElec   .          Harm     .   (no cloak)
rCorr   .          Rampage  .   h - +0 pair of gloves
Will    ++...                   (no boots)
Stlth   ..........              L - amulet of faith
HPRegen 0.00/turn               k - ring of see invisible
MPRegen 0.12/turn               N - +6 ring of strength

@: berserking, very quick
A: damage resistance, heal wounds, sense surroundings 2, no regeneration
a: Heal Wounds, Renounce Religion, Berserk, Trog's Hand, Brothers in Arms


You were on level 2 of the Orcish Mines.
You worshipped Trog.
Trog was extremely pleased with you.
You visited 3 branches of the dungeon, and saw 12 of its levels.

You collected 1091 gold pieces.
You spent 320 gold pieces at shops.

Inventory:

Hand Weapons
 a - a +1 broad axe of flaming (weapon)
 g - a +0 spear
 y - a +0 hand axe of draining
 z - a +2 flail of protection
 J - a +0 broad axe
 M - a +1 war axe of venom
 R - a +2 executioner's axe of flaming
Missiles
 m - 13 boomerangs
 r - 29 poisoned darts (quivered)
 I - a curare-tipped dart
Armour
 b - a +0 animal skin
 c - a +0 ring mail
 h - a +0 pair of gloves (worn)
 j - a +1 chain mail
 w - a +0 plate armour of willpower (worn)
 C - a +0 kite shield (worn)
 H - a +0 plate armour
Jewellery
 k - a ring of see invisible (left hand)
 p - a ring of protection from cold
 t - a ring of protection from cold
 x - a ring of protection from cold
 L - an amulet of faith (around neck)
 N - a +6 ring of strength (right hand)
Wands
 A - a wand of charming (11)
 O - a wand of paralysis (8)
 Q - a wand of acid (13)
Scrolls
 e - 2 scrolls of silence
 i - a scroll of magic mapping
 l - a scroll of brand weapon
 n - 3 scrolls of identify
 u - 3 scrolls of fear
 D - 3 scrolls of amnesia
 G - a scroll of blinking
 P - a scroll of teleportation
Potions
 d - 3 potions of curing
 f - 2 potions of attraction
 o - 2 potions of magic
 q - 4 potions of mutation
 s - 3 potions of brilliance
 v - a potion of flight
 B - 5 potions of heal wounds
 E - a potion of haste
Miscellaneous
 K - a lightning rod (1/4)


   Skills:
 + Level 8.0 Fighting
 + Level 14.7 Axes
 + Level 1.8 Throwing
 + Level 10.1 Armour
 + Level 4.7 Dodging
 + Level 2.3 Stealth
 + Level 5.8 Shields
 + Level 1.9 Evocations


You had 10 spell levels left.
You didn't know any spells.
Your spell library was empty.

Dungeon Overview and Level Annotations

Branches:
Dungeon (9/15)             Temple (0/1) D:5            Lair (1/6) D:8
    Orc (2/2) D:9             Elf (0/3) Orc:2

Altars:
Ashenzari
Dithmenos
Fedhas
Ru
Uskayaw
Vehumet
Wu Jian
Zin
Beogh

Shops:
D:7 ?!   D:9 **


Innate Abilities, Weirdness & Mutations

You are resistant to damage.
You can heal yourself by infusing magical energy.
You passively map the area around you.
You do not regenerate.


Message History

You throw an atropa-tipped dart.
The orc warlord blocks the atropa-tipped dart.
Throw: 32 darts (poison)
Press: ? - help, Q - select action, (/) - cycle Shift-Dir - straight line, f/p - orc warlord
Aim: an orc warlord, wielding a +2 war axe, wearing a +0 plate armour and wearing a +0 kite shield (76% to hit)
You throw a poisoned dart. The poisoned dart hits the orc warlord.
The orc warlord is poisoned.
Throw: 31 darts (poison)
Press: ? - help, Q - select action, (/) - cycle Shift-Dir - straight line, f/p - orc warlord
Aim: an orc warlord, wielding a +2 war axe, wearing a +0 plate armour and wearing a +0 kite shield (poisoned, 76% to hit)
You throw a poisoned dart.
The orc warlord blocks the poisoned dart.
The orc warlord roars a battlecry!
Throw: 30 darts (poison)
Press: ? - help, Q - select action, (/) - cycle Shift-Dir - straight line, f/p - orc warlord
Aim: an orc warlord, wielding a +2 war axe, wearing a +0 plate armour and wearing a +0 kite shield (poisoned, 75% to hit)
You throw a poisoned dart. The poisoned dart hits the orc warlord.
The orc warlord looks even sicker.
A troll comes into view.
A red film seems to cover your vision as you go berserk!
You feel yourself moving faster!
You feel mighty!
The troll shouts!
You hear a shout!
An orc warrior comes into view. It is wielding a +0 dire flail.
You hit the orc warlord. You burn the orc warlord.
The orc warlord is lightly wounded.
You hit the orc warlord but do no damage.
The orc warlord is lightly wounded.
The orc warlord hits you with a +2 war axe!!
* * * LOW HITPOINT WARNING * * *
An orc warrior comes into view. It is wielding a +0 hand axe.
The orc warlord blocks your attack.
The orc warlord is lightly wounded.
The orc warlord hits you with a +2 war axe!!
* * * LOW HITPOINT WARNING * * *
An orc comes into view. It is wielding a +0 club.
The orc warlord blocks your attack.
The orc warlord is lightly wounded.
An orc comes into view. It is wielding a +0 whip.
The orc warlord hits you with a +2 war axe!
You die...

......(.#.....#* .#
#....oo(#..#..# , *
##.#.o..(......# #
##....o.(.......# , .
#.....$.(#......# #
*#.....T(.#.....# * *
##......)........ ,,*
#.......o.......# +* .#
#.......@.......# , * ..
#....#..........#, * .#
##..............# #..
##.............######..#
##.#.....................
#........................
##...............#
#...... #...............#
#..... #...#.........#
##....


You could see an orc warlord (poisoned), a troll, 2 orc warriors and 2 orcs.

Vanquished Creatures
  A centaur warrior (D:9)
  An orc knight (Orc:1)
  5 orc sorcerers (Orc:2)
  Maggie (D:8)
  2 komodo dragons
  2 trolls
  A hornet (D:8)
  Grinder (D:4)
  Sigmund (D:6)
  4 wyverns
  9 yaks
  A steam dragon (D:8)
  3 basilisks (D:8)
  11 wargs
  2 water moccasins
  Duvessa (D:7)
  A swamp drake (D:8)
  A black bear (D:6)
  2 sky beasts
  An ogre (Orc:1)
  16 orc warriors
  A necrophage (D:5)
  4 centaurs
  2 kobold brigands
  4 bullfrogs
  3 scorpions
  A wyvern zombie (D:7)
  2 wyvern skeletons
  Dowan (D:7)
  8 killer bees
  4 howler monkeys
  An electric eel (D:6)
  A bullfrog zombie (D:6)
  3 centaur zombies
  A gnoll shaman (D:9)
  5 hounds
  5 jellies
  5 orc priests
  A centaur skeleton (D:6)
  A bullfrog skeleton (D:4)
  2 iguanas
  19 orc wizards
  2 killer bee zombies
  A hound skeleton (D:2)
  2 howler monkey zombies
  10 gnolls
  8 adders
  A shadow imp (D:5)
  3 white imps
  2 adder zombies
  2 dart slugs
  45 orcs
  10 ball pythons
  8 endoplasms
  2 giant cockroaches
  11 goblins
  8 hobgoblins
  21 kobolds
  2 quokkas
  A ball python zombie (D:2)
  7 bats
  4 frilled lizards
  A giant cockroach zombie (D:2)
  A quokka skeleton (D:2)
  2 rats
295 creatures vanquished.

Vanquished Creatures (collateral kills)
  A two-headed ogre (Orc:1)
  A troll (Orc:1)
  A warg (Orc:1)
3 creatures vanquished.

Vanquished Creatures (others)
  An orc (D:8)
  A fungus (D:1)
  3 plants
5 creatures vanquished.

Grand Total: 303 creatures vanquished

Notes
Turn   | Place    | Note
-------+----------+-------------------------------------------
     0 | D:1      | emperorscorpion the Deep Dwarf Berserker began the quest
                  | for the Orb.
     0 | D:1      | Reached XP level 1. HP: 20/20 MP: 1/1
   130 | D:1      | Reached XP level 2. HP: 24/27 MP: 2/2
   191 | D:1      | Found a faded altar of an unknown god.
   330 | D:1      | Reached skill level 4 in Axes
   440 | D:1      | Reached XP level 3. HP: 23/34 MP: 3/3
   461 | D:1      | Reached ** piety under Trog
   702 | D:2      | Reached skill level 1 in Stealth
  1063 | D:2      | Reached XP level 4. HP: 22/42 MP: 4/4
  2093 | D:3      | Reached XP level 5. HP: 41/49 MP: 5/5
  2313 | D:4      | Reached *** piety under Trog
  2396 | D:4      | Reached skill level 5 in Axes
  2396 | D:4      | Noticed Grinder
  2416 | D:4      | Killed Grinder
  2417 | D:4      | Reached XP level 6. HP: 37/57 MP: 6/6
  2642 | D:4      | Reached skill level 6 in Axes
  2645 | D:4      | Reached XP level 7. HP: 46/63 MP: 7/7
  2884 | D:5      | Entered Level 5 of the Dungeon
  2927 | D:5      | Noticed a troll
  2946 | D:5      | Killed a troll
  2947 | D:5      | Reached skill level 7 in Axes
  2947 | D:5      | Reached skill level 5 in Armour
  3011 | D:5      | Found a sacrificial altar of Ru.
  3055 | D:5      | Reached XP level 8. HP: 41/73 MP: 8/8
  3090 | D:5      | Reached skill level 1 in Throwing
  3142 | D:5      | Reached skill level 8 in Axes
  3225 | D:5      | Found a staircase to the Ecumenical Temple.
  3602 | D:6      | Reached skill level 9 in Axes
  3671 | D:6      | Noticed Sigmund
  3734 | D:6      | Killed Sigmund
  3734 | D:6      | Reached **** piety under Trog
  3735 | D:6      | Reached skill level 5 in Fighting
  3735 | D:6      | Gained mutation: You passively map the area around you.
                  | [Deep Dwarf growth]
  3735 | D:6      | Reached XP level 9. HP: 29/81 MP: 9/9
  4147 | D:7      | Found Yweomidgh's Distillery.
  4161 | D:7      | Bought a potion of haste for 140 gold pieces
  4161 | D:7      | Bought a potion of heal wounds for 70 gold pieces
  4169 | D:7      | Noticed Duvessa
  4170 | D:7      | Noticed Dowan
  4180 | D:7      | Killed Dowan
  4181 | D:7      | Killed Duvessa
  4182 | D:7      | Reached skill level 10 in Axes
  4243 | D:7      | Identified the +5 ring mail "Hoemui" {-Tele Drain Regen+
                  | Int+5}
  4315 | D:7      | Found a radiant altar of Vehumet.
  4460 | D:7      | Found Xonaeng's Magic Scroll Shoppe.
  4643 | D:8      | Reached skill level 1 in Shields
  4692 | D:8      | Reached skill level 11 in Axes
  4740 | D:8      | Noticed a komodo dragon
  4746 | D:8      | Killed a komodo dragon
  4747 | D:8      | Reached XP level 10. HP: 75/91 MP: 10/10
  4835 | D:8      | Found a staircase to the Lair.
  4962 | D:8      | Noticed Maggie
  4972 | D:8      | Killed Maggie
  4973 | D:8      | Reached skill level 12 in Axes
  5145 | D:8      | Found a broken altar of Ashenzari.
  5149 | D:8      | Found a shadowy altar of Dithmenos.
  5149 | D:8      | Found a blossoming altar of Fedhas.
  5149 | D:8      | Found a glowing silver altar of Zin.
  5151 | D:8      | Found an ornate altar of the Wu Jian Council.
  5153 | D:8      | Found a hide-covered altar of Uskayaw.
  5453 | D:9      | Noticed a centaur warrior
  5463 | D:9      | Killed a centaur warrior
  5464 | D:9      | Reached skill level 13 in Axes
  5575 | D:9      | Reached ***** piety under Trog
  5675 | D:9      | Found Ozuiq's Specific Store.
  5676 | D:9      | Found Toreq's General Store.
  5679 | D:9      | Bought a scroll of teleportation for 30 gold pieces
  5679 | D:9      | Bought a potion of mutation for 80 gold pieces
  5909 | D:9      | Found a staircase to the Orcish Mines.
  6042 | D:9      | Reached XP level 11. HP: 58/100 MP: 11/11
  6236 | Lair:1   | Entered Level 1 of the Lair of Beasts
  6373 | Orc:1    | Entered Level 1 of the Orcish Mines
  6405 | Orc:1    | Reached skill level 1 in Evocations
  6481 | Orc:2    | Entered Level 2 of the Orcish Mines
  6482 | Orc:2    | Found a staircase to the Elven Halls.
  6489 | Orc:2    | Noticed an orc sorcerer
  6500 | Orc:2    | Killed an orc sorcerer
  6567 | Orc:2    | Noticed an orc sorcerer
  6575 | Orc:2    | Killed an orc sorcerer
  6632 | Orc:1    | Noticed a two-headed ogre
  6636 | Orc:1    | Killed a two-headed ogre
  6676 | Orc:1    | Received a gift from Trog
  6677 | Orc:1    | Reached skill level 14 in Axes
  6745 | Orc:1    | HP: 5/100 [warg (8)]
  6753 | Orc:1    | Reached skill level 5 in Shields
  6848 | Orc:1    | Noticed an orc knight
  6863 | Orc:1    | Killed an orc knight
  7086 | Orc:2    | Noticed an orc sorcerer
  7100 | Orc:2    | Killed an orc sorcerer
  7102 | Orc:2    | Noticed an orc sorcerer
  7115 | Orc:2    | Killed an orc sorcerer
  7116 | Orc:2    | Reached skill level 10 in Armour
  7136 | Orc:2    | Noticed an orc sorcerer
  7146 | Orc:2    | Paralysed by an orc sorcerer for 4 turns
  7157 | Orc:2    | Killed an orc sorcerer
  7252 | Orc:2    | Noticed an orc warlord
  7263 | Orc:2    | HP: 5/154 [orc warlord (23)]
  7264 | Orc:2    | Slain by an orc warlord

Illustrated notes

Levels and vault maps discovered:
D:1:      onia_arrival_mini_spirals, layout_rooms,
          shapermc_ecumenical_altar_acropolis, st_stairs_7
D:2:      layout_basic, serial_undead, serial_undead_e, serial_undead_c,
          serial_undead_e, serial_undead_c, serial_undead_d, serial_undead_e
D:3:      layout_basic
D:4:      layout_basic, uniq_grinder
D:5:      layout_cave_pools, hangedman_ru_absence, temple_pool_b,
          nrook_pool_corridor
D:6:      minmay_inner_zag, layout_cave_pools, serial_bayou_lagoon_b,
          uniq_sigmund
D:7:      layout_basic, nicolae_vehumet_altar_sigil, serial_shops,
          nicolae_shop_waterfront, shop, uniq_duvessa
D:8:      layout_loops_ring, minitemple, erik_lair_dragon, uniq_maggie
D:9:      layout_loops_ring, orc_0_dummy, minmay_misc_feat_alley,
          nicolae_specific_store, grunt_decor_junction,
          kennysheep_generic_room_6
Lair:1:   layout_big_grid
Orc:1:    cheibrodos_orc_guarddog, layout_caves, library_closet
Orc:2:    st_orc_town, layout_caves, gammafunk_ghost_grave,
          nicolae_orc_sculptors_studio

Skill      XL: |  1  2  3  4  5  6  7  8  9 10 11 |
---------------+----------------------------------+-----
Fighting       | 3 4 5 6 7 8 |  8.0
Axes           | 4 5 6 7 9 11 13 14 | 14.7
Stealth        | 1 2 |  2.3
Dodging        | 3 4 |  4.7
Armour         | 4 5 6 8 9 10 | 10.1
Throwing       | 1 |  1.8
Shields        | 1 3 5 |  5.8
Evocations     | 1 |  1.9

Action                   |  1- 3 |  4- 6 |  7- 9 | 10-12 || total
-------------------------+-------+-------+-------+-------++-------
Melee: Hand axe          |   115 |   127 |   169 |       ||   411
       War axe           |       |       |   124 |    33 ||   157
       Broad axe         |       |       |       |   288 ||   288
Throw: Boomerang         |       |     3 |     1 |       ||     4
       Dart              |       |       |     2 |    11 ||    13
Invok: Berserk           |       |     1 |     7 |    10 ||    18
       Trog's Hand       |       |     1 |     2 |    12 ||    15
       Brothers in Arms  |       |       |       |     1 ||     1
 Abil: Heal Wounds       |       |     1 |    10 |     7 ||    18
Evoke: Lightning rod     |       |       |       |     5 ||     5
  Use: Scroll            |     2 |     5 |     4 |     4 ||    15
       Potion            |       |     2 |       |       ||     2
Armor: Ring mail         |    40 |       |       |       ||    40
       Animal skin       |     3 |       |       |       ||     3
       Chain mail        |     1 |    84 |   152 |       ||   237
       Plate armour      |       |       |    39 |   178 ||   217
Dodge: Dodged            |    81 |    60 |   144 |    94 ||   379
Block: Kite shield       |       |       |    44 |   132 ||   176

Table legend: (Time is in decaauts)
 A = Elapsed time spent in this place.
 B = Non-inter-level travel time spent in this place.
 C = Inter-level travel time spent in this place.
 D = Time resting spent in this place.
 E = Time spent auto-exploring this place.
 F = Levels seen in this place.
 G = Mean time per level.
                   A        B        C        D        E       F      G
               +--------+--------+--------+--------+--------+-----+--------+
         Total |   7489 |   7066 |    423 |     11 |   5055 |  12 |  624.1 |
       Dungeon |   6521 |   6161 |    360 |     11 |   4514 |   9 |  724.6 |
          Lair |     40 |     34 |      6 |      0 |      5 |   1 |   40.0 |
  Orcish Mines |    927 |    871 |     56 |      0 |    535 |   2 |  463.5 |
               +--------+--------+--------+--------+--------+-----+--------+

Top non-repeatable levels by time:
     D:8: 1042 daAuts
     D:2: 854 daAuts
     D:9: 780 daAuts
     D:3: 770 daAuts
     D:6: 764 daAuts
     D:4: 729 daAuts
   Orc:1: 573 daAuts
     D:1: 568 daAuts
     D:5: 538 daAuts
     D:7: 473 daAuts
   Orc:2: 353 daAuts
  Lair:1: 40 daAuts
